 Dungeon Crawl Stone Soup version 0.30-a0-1002-ga41ad49a19 (webtiles) character file.

Game seed: 17951867795824615506

41 MacCMillion the Shooter (level 3, 0/29 HPs)
             Began as a Demigod Hunter on Apr 5, 2023.
             Slain by an adder (2 damage)
             ... on level 2 of the Dungeon.
             The game lasted 00:01:24 (1206 turns).

MacCMillion the Shooter (Demigod Hunter)            Turns: 1206, Time: 00:01:25

Health: 0/29       AC:  3    Str: 12    XL:     3   Next: 16%
Magic:  5/5        EV: 12    Int: 11    God:
Gold:   109        SH:  0    Dex: 21    Spells: 2/2 levels left

rFire   . . .      SeeInvis .    a - +0 shortbow
rCold   . . .      Faith    .    (shield currently unavailable)
rNeg    . . .      Spirit   .    c - +0 leather armour
rPois   .          Reflect  .    (no helmet)
rElec   .          Rampage  .    (no cloak)
rCorr   .                        (no gloves)
Will    .....                    (no boots)
Stlth   ++                       (no amulet)
HPRegen 0.24/turn                (no ring)
MPRegen 0.09/turn                (no ring)

@: lethally poisoned (0 -> -3), hasted, very quick
A: high MP 1, forlorn, divine attributes
a: no special abilities


You were on level 2 of the Dungeon.
You visited 1 branch of the dungeon, and saw 3 of its levels.

You collected 109 gold pieces.

Inventory:

Hand Weapons
 a - a +0 shortbow (weapon)
Armour
 c - a +0 leather armour (worn)
Scrolls
 b - a scroll of immolation
 e - 3 scrolls of identify {unknown}
 f - a scroll of brand weapon {unknown}
 h - a scroll of torment {unknown}
 i - 2 scrolls of poison {unknown}
Potions
 d - a potion of brilliance {unknown}
 g - a potion of haste
 j - a potion of degeneration {unknown}
 k - a potion of ambrosia {unknown}
 l - a potion of heal wounds {unknown}


   Skills:
 - Level 1.7 Fighting
 + Level 4.7 Ranged Weapons
 - Level 1.7 Dodging
 - Level 0.8 Stealth


You had 2 spell levels left.
You didn't know any spells.
Your spell library contained the following spells:

 Spells                   Type           Power      Damage    Failure   Level
 Gell's Gravitas          Tloc           0%         N/A       80%         3
 Teleport Other           Tloc           0%         N/A       80%         3
 Dispersal                Tloc           0%         N/A       100%        6


Dungeon Overview and Level Annotations

Branches:
Dungeon (3/15)


Innate Abilities, Weirdness & Mutations

You have an increased reservoir of magic. (+10% MP)
You shall have no god before yourself.
Your divine heritage dramatically boosts your attributes as you level up.


Message History

The adder bites you.
You shoot an arrow. The arrow barely misses the adder.
You feel sick. The hobgoblin hits you. The adder bites you but does no damage.
The rat barely misses you.
You shoot an arrow. The arrow hits the adder!
The adder is severely wounded.
You feel sick. The adder bites you. The rat bites you.
The hobgoblin barely misses you. The adder completely misses you.
The hobgoblin barely misses you. The rat barely misses you.
You are too injured to fight recklessly!
You are too injured to fight recklessly!
Unknown command.
You are too injured to fight recklessly!
You are too injured to fight recklessly!
Fire: a) +0 shortbow
Press: ? - help, Q - select action Shift-Dir - straight line, f/p - adder
Aim: an adder (severely wounded, 48% to hit)
You shoot an arrow. The arrow hits the adder.
The adder is severely wounded.
You feel sick. The adder bites you.
You are more poisoned.
The adder poisons you! The hobgoblin hits you.
* * * LOW HITPOINT WARNING * * *
The rat bites you but does no damage. The adder barely misses you.
Fire: a) +0 shortbow
Press: ? - help, Q - select action Shift-Dir - straight line, f/p - adder
Aim: an adder (severely wounded, 48% to hit)
You shoot an arrow. The arrow misses the adder.
* * * LOW HITPOINT WARNING * * *
You feel sick. The adder closely misses you. The hobgoblin closely misses you.
The rat bites you.
* * * LOW HITPOINT WARNING * * *
Unknown command.
It was a potion of haste.
You feel yourself speed up.
* * * LOW HITPOINT WARNING * * *
You feel sick. The adder completely misses you.
The hobgoblin barely misses you. The rat bites you.
* * * LOW HITPOINT WARNING * * *
The adder bites you.
You die...

##... .. .. .
.... .. ..
#.##...#.##.
...)....... .
.!.....) ...
.###.....##..##
......gr†.....#
#S@......#
#.#.##...# #.
.# # #. .# #.
.# .. .. #. ##
..


You could see an adder, a hobgoblin and a rat.

Vanquished Creatures
  A gnoll (D:1)
  A dart slug (D:1)
  4 bats
  2 endoplasms
  A giant cockroach (D:1)
  5 goblins
  2 hobgoblins
  2 quokkas
  A ball python (D:1)
  A frilled lizard (D:3)
  4 kobolds (D:1)
  3 rats (D:2)
27 creatures vanquished.

Notes
Turn   | Place    | Note
-------+----------+-------------------------------------------
     0 | D:1      | MacCMillion the Demigod Hunter began the quest for the Orb.
     0 | D:1      | Reached XP level 1. HP: 17/17 MP: 3/3
   120 | D:1      | Reached skill level 4 in Ranged Weapons
   152 | D:1      | Reached XP level 2. HP: 5/24 MP: 4/4
  1083 | D:2      | You fall into a shaft and drop 1 floor!
  1160 | D:3      | Reached XP level 3. HP: 29/29 MP: 5/5
  1206 | D:2      | Slain by an adder

Illustrated notes

Levels and vault maps discovered:
D:1:      matt_arrival_grand_opening, layout_loops_ring
D:2:      layout_basic, uniq_robin, uniq_crazy_yiuf_cottage
D:3:      layout_basic, lemuel_doored_altar

Skill      XL: |  1 |
---------------+----+-----
Ranged Weapons | 4 |  4.7
Fighting       | |  1.7
Dodging        | |  1.7
Stealth        | |  0.8

Action                     || total
---------------------------++-------
   Fire: Shortbow          ||    88
    Use: Potion            ||     1
 Armour: Leather armour    ||    13
  Dodge: Dodged            ||    44

Table legend: (Time is in decaauts)
 A = Elapsed time spent in this place.
 B = Non-inter-level travel time spent in this place.
 C = Inter-level travel time spent in this place.
 D = Time resting spent in this place.
 E = Time spent auto-exploring this place.
 F = Levels seen in this place.
 G = Mean time per level.
                   A        B        C        D        E       F      G
               +--------+--------+--------+--------+--------+-----+--------+
         Total |   1234 |   1205 |     29 |    174 |    844 |   3 |  411.3 |
       Dungeon |   1234 |   1205 |     29 |    174 |    844 |   3 |  411.3 |
               +--------+--------+--------+--------+--------+-----+--------+

Top non-repeatable levels by time:
     D:1: 954 daAuts
     D:2: 171 daAuts
     D:3: 108 daAuts
